 Dungeon Crawl Stone Soup version 0.30-a0-1112-gfb780f5df6 (webtiles) character file.

Game seed: 8279184333451188265

148 Newt the Trooper (level 5, -3/42 HPs)
             Began as a Demonspawn Gladiator on Apr 19, 2023.
             Killed by divine providence
             ... invoked by an orc priest
              (12 damage)
             ... on level 3 of the Dungeon.
             The game lasted 00:02:18 (2113 turns).

Newt the Trooper (Demonspawn Gladiator)             Turns: 2113, Time: 00:02:18

Health: -3/42      AC: 11    Str: 17    XL:     5   Next: 8%
Magic:  5/5        EV: 13    Int:  9    God:
Gold:   109        SH:  0    Dex: 14    Spells: 4/4 levels left

rFire   . . .      SeeInvis .    p - +1 hand axe (elec)
rCold   . . .      Faith    .    (no shield)
rNeg    . . .      Spirit   .    b - +0 leather armour
rPois   .          Reflect  .    c - +1 helmet
rElec   .          Rampage  .    h - scarf {repulsion}
rCorr   .                        (no gloves)
Will    .....                    (no boots)
Stlth   +                        f - amulet of magic regeneration
HPRegen 0.27/turn                (no ring)
MPRegen 0.49/turn                (no ring)

@: sanguine armoured, repel missiles
A: sanguine armour 1, weakness stinger 2
a: no special abilities


You were on level 3 of the Dungeon.
You visited 1 branch of the dungeon, and saw 3 of its levels.

You collected 109 gold pieces.

Inventory:

Hand Weapons
 a - a +0 rapier
 k - a +1 heavy sling
 p - a +1 hand axe of electrocution (weapon)
Missiles
 d - 3 throwing nets (quivered)
 e - a javelin
 j - 5 boomerangs of dispersal
Armour
 b - a +0 leather armour (worn)
 c - a +1 helmet (worn)
 h - a scarf of repulsion (worn)
Jewellery
 f - an amulet of magic regeneration (around neck)
Wands
 o - a wand of paralysis (4)
Scrolls
 l - 2 scrolls of identify
Potions
 g - a potion of curing
 i - a potion of brilliance
 m - 2 potions of degeneration
 n - 2 potions of flight {unknown}


   Skills:
 - Level 4.0 Fighting
 - Level 2.6 Short Blades
 + Level 1.0 Axes
 - Level 1.7 Throwing
 - Level 4.0 Dodging


You had 4 spell levels left.
You didn't know any spells.
Your spell library was empty.

Dungeon Overview and Level Annotations

Branches:
Dungeon (3/15)

Altars:

Shops:
D:1 (   D:2 (   D:3 :

Annotations:
D:3 2 runed translucent doors


Innate Abilities, Weirdness & Mutations

When seriously injured, your blood forms armour. (AC +6)
You have a tail ending in a sharp stinger.


Message History

You barely miss the orc priest.
The orc priest mumbles some strange prayers to Beogh against you.
You barely resist. You barely miss the orc priest. The orc misses you.
The orc priest hits you with a +0 whip.
You hit the orc priest.
The orc priest is lightly wounded.
The orc closely misses you. The orc priest misses you.
The orc priest barely misses you.
The orc hits you from afar with a +0 trident.
You barely miss the orc priest. You tail-slap the orc priest.
The orc priest is moderately wounded.
The orc misses you. The orc priest barely misses you.
You hit the orc priest.
The orc priest is moderately wounded.
The orc hits you but does no damage.
The orc priest invokes the aid of Beogh against you.
Pain shoots through your body!
Your blood congeals into armour.
You barely miss the orc priest.
The orc priest is moderately wounded.
The orc closely misses you. The orc priest barely misses you.
You closely miss the orc priest.
The orc priest is moderately wounded.
The orc barely misses you. The orc priest misses you.
The orc priest closely misses you. The orc closely misses you.
You closely miss the orc priest.
The orc priest is moderately wounded.
The orc barely misses you. The orc priest hits you with a +0 whip.
The orc hits you but does no damage.
The orc priest mumbles some strange prayers to Beogh against you.
Beogh smites you!
* * * LOW HITPOINT WARNING * * *
Unknown command.
You slash the orc!
The orc is almost dead.
You hit the orc priest but do no damage.
The orc misses you.
The orc priest calls down the wrath of Beogh upon you.
Beogh smites you!
You die...

... #.######## ###
#########.########
.
#.........##......
.. #
.#.###......#####
...#. #...#.####.#
# .....#####...# #
. #...#...#.#
.#####
....###o..###.#
......
#....o@...)..#
######
#..###.......# .
##....#.# ## #.#
#.##.#... #. #.#
#.##.######.# #.
#.### #.# .# #.#
#. #.... #.# .#
#.# #. ..... .##
#.# #. #.###
#.######.# #.


You could see an orc priest and an orc.

Vanquished Creatures
  An orc wizard (D:3)
  Ijyb (D:3)
  3 adders
  2 dart slugs
  5 orcs (D:3)
  3 bats (D:2)
  5 endoplasms
  A giant cockroach (D:2)
  8 goblins
  7 hobgoblins
  4 jackals (D:1)
  2 quokkas (D:1)
  5 ball pythons
  2 frilled lizards
  3 kobolds
  5 rats
57 creatures vanquished.

Notes
Turn   | Place    | Note
-------+----------+-------------------------------------------
     0 | D:1      | Newt the Demonspawn Gladiator began the quest for the Orb.
     0 | D:1      | Reached XP level 1. HP: 16/16 MP: 1/1
   269 | D:1      | Gained mutation: When seriously injured, your blood forms
                  | armour. (AC +6) [demonic ancestry]
   269 | D:1      | Reached XP level 2. HP: 22/23 MP: 2/2
   322 | D:1      | Found Voim's Weapon Emporium.
   882 | D:2      | Reached XP level 3. HP: 28/29 MP: 3/3
   998 | D:2      | Found Useneowu's Antique Weapon Emporium.
  1655 | D:3      | Gained mutation: You have a small tail. [demonic ancestry]
  1655 | D:3      | Reached XP level 4. HP: 18/37 MP: 4/4
  1776 | D:3      | Found a large runed translucent door.
  1777 | D:3      | Found a large runed translucent door.
  1947 | D:3      | Found Imned's Vocational Training.
  1957 | D:3      | Noticed Ijyb
  1962 | D:3      | Paralysed by Ijyb for 2 turns
  1965 | D:3      | Killed Ijyb
  2066 | D:3      | Reached skill level 1 in Axes
  2066 | D:3      | Gained mutation: You have a tail ending in a sharp stinger.
                  | [demonic ancestry]
  2066 | D:3      | Reached XP level 5. HP: 40/42 MP: 5/5
  2113 | D:3      | Killed from afar by an orc priest

Illustrated notes

Levels and vault maps discovered:
D:1:      enne_arrival_octagon_isle, layout_basic, serial_shops,
          nicolae_shop_crystal, minmay_misc_feat_secret_circle
D:2:      layout_basic, serial_shops, nicolae_diamond_shop
D:3:      layout_loops_ring, jmf_multi_god_temple2, nicolae_shop_vocational,
          uniq_ijyb

Skill      XL: |  1  2  3  4 |
---------------+-------------+-----
Fighting       | 3 4 |  4.0
Dodging        | 3 4 |  4.0
Axes           | 1 |  1.0
Short Blades   | |  2.6
Throwing       | |  1.7

Action                     |  1- 3 |  4- 6 || total
---------------------------+-------+-------++-------
  Melee: Rapier            |    89 |       ||    89
         Punch             |     1 |       ||     1
         Hand axe          |       |    17 ||    17
         Tailslap          |       |     3 ||     3
   Fire: Sling             |    30 |    36 ||    66
    Use: Scroll            |     7 |       ||     7
         Potion            |     1 |       ||     1
 Armour: Leather armour    |    49 |    18 ||    67
  Dodge: Dodged            |    88 |    45 ||   133

Table legend: (Time is in decaauts)
 A = Elapsed time spent in this place.
 B = Non-inter-level travel time spent in this place.
 C = Inter-level travel time spent in this place.
 D = Time resting spent in this place.
 E = Time spent auto-exploring this place.
 F = Levels seen in this place.
 G = Mean time per level.
                   A        B        C        D        E       F      G
               +--------+--------+--------+--------+--------+-----+--------+
         Total |   2197 |   2093 |    104 |     49 |   1626 |   3 |  732.3 |
       Dungeon |   2197 |   2093 |    104 |     49 |   1626 |   3 |  732.3 |
               +--------+--------+--------+--------+--------+-----+--------+

Top non-repeatable levels by time:
     D:2: 896 daAuts
     D:1: 737 daAuts
     D:3: 563 daAuts
